 Dungeon Crawl Stone Soup version 0.31-a0-219-g8d62b2e7bb (webtiles) character file.

Game seed: 8591801973897720314

26 qw the Shooter (level 2, 0/24 HPs)
             Began as a Minotaur Hexslinger on July 3, 2023.
             Slain by a goblin
             ... wielding a +0 club
              (1 damage)
             ... on level 2 of the Dungeon.
             The game lasted 00:00:20 (976 turns).

qw the Shooter (Minotaur Hexslinger)                 Turns: 976, Time: 00:00:20

Health: 0/24       AC:  3    Str: 12    XL:     2   Next: 89%
Magic:  2/2        EV: 11    Int: 10    God:
Gold:   29         SH:  0    Dex: 12    Spells: 2/3 levels left

rFire   . . .        Y - +1 sling (flame)
rCold   . . .        (no shield)
rNeg    . . .        d - +0 leather armour
rPois   .            (helmet restricted)
rElec   .            (no cloak)
rCorr   .            (no gloves)
SInv    .            (no boots)
Will    .....        l - amulet of faith
Stlth   +            (no ring)
HPRegen 0.24/turn    (no ring)
MPRegen 0.08/turn

%: faith
@: no status effects
A: horns 2, retaliatory headbutt
a: no special abilities


You were on level 2 of the Dungeon.
You visited 1 branch of the dungeon, and saw 2 of its levels.

You collected 29 gold pieces.


Innate Abilities, Weirdness & Mutations

You have a pair of horns on your head.
You reflexively headbutt those who attack you in melee.


   Skills:
 - Level 2.0 Fighting
 + Level 3.5 Ranged Weapons
 - Level 2.1 Dodging
 - Level 1.0 Spellcasting
 - Level 2.0 Hexes


You had 2 spell levels left.
You knew the following spells:

 Your Spells              Type           Power      Damage    Failure   Level
a - Slow                  Hex            16%        N/A       19%         1

Your spell library contained the following spells:

 Spells                   Type           Power      Damage    Failure   Level
 Inner Flame              Hex/Fire       2%         N/A       65%         3
 Portal Projectile        Hex/Tloc       4%         N/A       65%         3
 Cause Fear               Hex            2%         N/A       88%         4

Inventory:

Hand Weapons
 Y - a +1 sling of flaming (weapon)
Armour
 d - a +0 leather armour (worn)
Jewellery
 h - an amulet of reflection
 l - an amulet of faith (around neck)
Scrolls
 a - a scroll of amnesia {unknown}
 j - a scroll of identify
Potions
 e - 2 potions of mutation {unknown}

Dungeon Overview and Level Annotations

Branches:
Dungeon (2/15)

Altars:

Shops:
D:1 *

Annotations:
D:2 Robin


Message History

The sling bullet burns the goblin.
You kill the goblin!
The goblin hits you with a +0 club.
Robin roars a battlecry!
The goblins go into a battle-frenzy!
The goblin hits you with a +0 club.
You hear a shout!
You shoot a sling bullet. The sling bullet hits the goblin.
The sling bullet burns the goblin.
The goblin is heavily wounded.
A goblin comes into view. It is wielding a +0 dagger.
The goblin hits you with a +0 club. x2
You shoot a sling bullet. The sling bullet hits the goblin.
The sling bullet burns the goblin.
You kill the goblin!
A goblin comes into view. It is wielding a +0 club.
You shoot a sling bullet. The sling bullet hits the goblin!
The sling bullet burns the goblin.
You kill the goblin!
You shoot a sling bullet.
The sling bullet barely misses the goblin.
The goblin closely misses you.
The goblin hits you with a +2 dagger of flaming.
The goblin burns you.
A kobold comes into view. It is wielding a +0 whip of freezing.
You shoot a sling bullet.
The sling bullet closely misses the goblin.
The kobold shouts!
The goblin hits you with a +0 club. The goblin hits you but does no damage.
The goblin hits you with a +2 dagger of flaming.
The goblin burns you.
A goblin comes into view. It is wielding a +0 dagger.
Robin throws the goblin at you!
You shoot a sling bullet. The sling bullet hits the goblin.
The sling bullet burns the goblin.
You kill the goblin!
The goblin hits you with a +2 dagger of flaming.
The goblin burns you. The goblin barely misses you.
Robin throws the goblin at you! The goblin hits you with a +0 club.
You die...

#.# ... #.##### #.)g .#
##......
..K######.###...###.
>....^.....<.#.# #.
.............)# #.
#g#####.###..####.
##.#####.###.......
.####g@g##........####.
#.....gg).....###### #%
######...##.### #.
##.###.# #. #.###.## #.
#.(.#..# ## ###.##.# #
#.##.# # #.##.# #


You could see Robin, 5 goblins and a kobold.

Vanquished Creatures
  4 ball pythons (D:1)
  An endoplasm (D:1)
  A giant cockroach (D:2)
  2 hobgoblins
  A kobold (D:2)
  A quokka (D:1)
  4 bats (D:1)
  2 frilled lizards (D:1)
  8 goblins
  A rat (D:1)
25 creatures vanquished.

Notes
Turn   | Place    | Note
-------+----------+-------------------------------------------
     0 | D:1      | qw the Minotaur Hexslinger began the quest for the Orb.
     0 | D:1      | Reached XP level 1. HP: 16/16 MP: 1/1
     0 | D:1      | 0 ||| qw: Version: 0.3-a-40-ge99b1a8
     0 | D:1      | 0 ||| qw: Game counter: 374
     0 | D:1      | 0 ||| qw: Melee chars always use a shield: true
     0 | D:1      | 0 ||| qw: God list: Okawaru
     0 | D:1      | 0 ||| qw: Allow faded altars: false
     0 | D:1      | 0 ||| qw: Do Orc after clearing Dungeon:15 true
     0 | D:1      | 0 ||| qw: Do second Lair branch before Depths: true
     0 | D:1      | 0 ||| qw: Lair rune preference: random
     0 | D:1      | 0 ||| qw: Goals: Normal
     0 | D:1      | 0 ||| PLANNING D:1-11
   417 | D:1      | Found Zezi Ipt's Assorted Antiques.
   425 | D:1      | 425 ||| SHOPLISTING 3 scrolls labelled FEAFIH UTHRUIPOM (75
                  | gold, have 15).
   425 | D:1      | 425 ||| SHOPLISTING embroidered robe (92 gold, have 15).
   425 | D:1      | 425 ||| SHOPLISTING ring mail (100 gold, have 15).
   425 | D:1      | 425 ||| SHOPLISTING scroll labelled JAX INYCLUJAY (25 gold,
                  | have 15).
   432 | D:1      | Reached skill level 3 in Ranged Weapons
   566 | D:1      | Reached XP level 2. HP: 23/23 MP: 2/2
   746 | D:1      | 746 ||| UPGRADING to +0 leather armour.
   756 | D:1      | 756 ||| DROPPING +0 robe.
   757 | D:1      | 757 ||| UPGRADING to amulet of reflection.
   762 | D:1      | 762 ||| UPGRADING to amulet of faith.
   772 | D:1      | 772 ||| DROPPING +6 ring of intelligence.
   773 | D:1      | 773 ||| READING scroll labelled TAJEGI XAIVIZUCU.
   874 | D:1      | 874 ||| READING scroll labelled ELEIMM YNTETOL.
   875 | D:1      | 875 ||| READING scroll labelled UMPAUCUUGH.
   876 | D:1      | 876 ||| READING 2 scrolls labelled IXKUSCHI TUANK.
   877 | D:1      | 877 ||| READING scroll labelled JAX INYCLUJAY.
   878 | D:1      | 878 ||| DROPPING scroll of poison.
   965 | D:2      | Noticed Robin
   975 | D:2      | HP: 6/24 [goblin/+0 club[Robin] (2)]
   976 | D:2      | HP: 2/24 [goblin/+2 dagger of flaming[Robin] (1)]
   976 | D:2      | Slain by a goblin

Levels and vault maps discovered:
D:1:      dpeg_arrival_arbitrary_c, layout_basic, serial_shops, shop,
          minmay_octomino_j4
D:2:      cheibrodos_greedy_goblins, layout_loops_ring,
          hellmonk_ecumenical_altar_run_dry, uniq_natasha, uniq_robin,
          uniq_terence

Skill      XL: |  1  2 |
---------------+-------+-----
Ranged Weapons | 3 |  3.5
Fighting       | 2 |  2.0
Dodging        | |  2.1
Spellcasting   | |  1.0
Hexes          | |  2.0

Action                     || total
---------------------------++-------
   Fire: Sling             ||    68
    Use: Scroll            ||     5
 Armour: Robe              ||     3
         Leather armour    ||     4
  Dodge: Dodged            ||    24

Table legend:
 A = Non-vault XP
 B = Vault XP
 C = Vault XP percentage of total XP
 D = Non-vault monster count
 E = Vault monster count
 F = Vault count percentage of total count
                 A         B        C        D         E       F
            +---------+---------+-------+---------+---------+-------
      Total |      20 |      20 |  50.0 |      14 |      11 |  44.0
            +---------+---------+-------+---------+---------+-------
        D:1 |      14 |       6 |  30.0 |      11 |       4 |  26.7
        D:2 |       6 |      14 |  70.0 |       3 |       7 |  70.0
            +---------+---------+-------+---------+---------+-------
